 Dungeon Crawl Stone Soup version 0.17.0-24-gcfadda4 (webtiles) character file.

44 M4edhros the Charlatan (level 3, 0/23 HPs)
             Began as an Octopode Artificer on Nov 16, 2015.
             Splashed by a jelly's acid (9 damage)
             ... on level 6 of the Dungeon.
             The game lasted 00:02:17 (1402 turns).

M4edhros the Charlatan (Octopode Artificer)         Turns: 1402, Time: 00:02:18

Health: 0/23       AC:  1    Str: 10    XL:     3   Next: 62%
Magic:  6/6        EV: 12    Int: 19    God:
Gold:   113        SH:  0    Dex: 15    Spells: 0 memorised, 2 levels left

rFire  . . .     SeeInvis .     i - +3 hunting sling (flame)
rCold  . . .     Clarity  .     (no shield)
rNeg   . . .     SustAt   .     (helmet restricted)
rPois  .         Gourm    .     (no amulet)
rElec  .         Spirit   .     o - +2 ring of dexterity
rCorr  .         Warding  .     (no ring)
rMut   .         Stasis   .     (no ring)
MR     .....                    (no ring)
Stlth  ++++......               (no ring)
                                (no ring)
                                (no ring)
                                (no ring)

@: brilliant, about to teleport, not resistant to hostile enchantments, stealthy
A: almost no armour, amphibious, 8 rings, constrict 8, camouflage 1, gelatinous
body 1
a: no special abilities


You were on level 6 of the Dungeon.
You were very hungry.

You visited 1 branch of the dungeon, and saw 4 of its levels.

You collected 113 gold pieces.

Inventory:

Hand Weapons
 a - a +0 short sword
 i - a +3 hunting sling of flaming (weapon)
Missiles
 j - 24 stones (quivered)
 n - 33 sling bullets
Magical Staves
 p - an uncursed staff of earth {unknown}
Jewellery
 o - a +2 ring of dexterity (left tentacle)
Wands
 b - a wand of flame (15)
 c - a wand of enslavement (13)
 d - a wand of random effects (15)
Scrolls
 f - a scroll of enchant armour
 k - a scroll of fog
Comestibles
 e - 2 bread rations
 g - a meat ration


   Skills:
 - Level 1.0 Fighting
 - Level 1.0 Short Blades
 + Level 0.0 Slings
 + Level 2.2 Dodging
 + Level 3.2 Stealth
 + Level 4.2 Evocations


You had 2 spell levels left.
You didn't know any spells.

Dungeon Overview and Level Annotations

Branches:
Dungeon (6/15)
 Temple: D:4-7

Altars:
The Shining One

Annotations:
D:3 M4edhros's ghost, weakling OpAr
D:6 M4edhros's ghost, novice OpAr


Innate Abilities, Weirdness & Mutations

You cannot wear most types of armour.
You are amphibious.
You can wear up to eight rings at the same time.
You can use your tentacles to constrict eight enemies at once.
Your skin changes colour to match your surroundings (Stealth).
Your rubbery body absorbs attacks (AC +1).


Message History

M4edhros's ghost (novice Octopode Artificer) comes into view.
You see here a bread ration.
M4edhros's ghost turns its malevolent gaze towards you.
Found 8 gold pieces.
M4edhros's ghost moans, "Why did I trust plants to save my life?"
You see here 8 gold pieces.
M4edhros's ghost says, "Life goes in cycles.
In a little while, you'll be reborn as a tapeworm."
A jelly comes into view.
Found a scroll labeled JONLAC EMOT.
A giant frog comes into view.
Read which item? (? for menu, Esc to quit)
As you read the scroll of teleportation, it crumbles to dust.
You feel strangely unstable. M4edhros's ghost hits you.
The jelly quivers.
Drink which item? (? for menu, Esc to quit)
It was a potion of brilliance.
You feel clever all of a sudden. M4edhros's ghost hits you. The jelly hits you.
You are splashed with acid!
The acid burns!
You die...

#########
#.....W.#
#.#####@#
######.## #J#
#.......# ..#
#.####..# #..#
#.####..#.#...
#.##.......F.#
#.##.##.######
#.$.....#
####.####


You could see a giant frog (sleeping), a jelly and M4edhros's ghost.

Vanquished Creatures
  A gnoll (D:1)
  An ooze (D:1)
  2 giant geckos
  A ball python (D:2)
  2 bats
  2 giant cockroaches (D:2)
  4 goblins
  3 hobgoblins
  4 kobolds (D:1)
  A giant newt (D:3)
  9 rats (D:1)
30 creatures vanquished.

Vanquished Creatures (others)
  4 toadstools (D:1)
4 creatures vanquished.

Grand Total: 34 creatures vanquished

Notes
Turn   | Place    | Note
--------------------------------------------------------------
     0 | D:1      | M4edhros the Octopode Artificer began the quest for the Orb.
     0 | D:1      | Reached XP level 1. HP: 13/13 MP: 3/3
   111 | D:1      | Found a glowing golden altar of the Shining One.
   282 | D:1      | Reached XP level 2. HP: 12/18 MP: 4/4
   615 | D:1      | Reached XP level 3. HP: 17/23 MP: 5/5
   661 | D:1      | Reached skill level 4 in Evocations
  1334 | D:3      | Noticed M4edhros's ghost (weakling OpAr)
  1350 | D:3      | You fall through a shaft for 3 floors!
  1350 | D:6      | Noticed a black bear
  1377 | D:6      | Noticed M4edhros's ghost (novice OpAr)
  1400 | D:6      | Noticed a giant frog
  1402 | D:6      | Splashed by a jelly's acid

Action                   || total
-------------------------++-------
Melee: Short sword       ||    24
 Fire: Hunting sling     ||    34
Evoke: Wand              ||     2
  Use: Scroll            ||     6
       Potion            ||     1
 Stab: Sleeping          ||     3
